Map: Blackrock LE

Players

Red

  • Race: Terran Terran
  • League: Grandmaster
  • Spawn Location: 7:00

RipNHammer - Winner!

  • Race: Terran Terran
  • League: Master
  • Spawn Location: 1:00

VOD

Have the link to the VOD?

Description

Time

  • Played on: Sept. 7, 2026, 1:50 p.m.
  • Length: 22:20
Show
View Real Time Build Order
Export as new Build Order

Red Terran 

Build Orders:  

Get SALT Encoding   

  8  0:00  SCV  
  9  0:13  SCV  
  10  0:25  SCV  
  11  0:29  Supply Depot  
  11  0:37  SCV  
  12  0:49  SCV  
  13  0:54  Barracks  
  13  1:02  SCV  
  14  1:06  Refinery  
  14  1:14  SCV  
  14  1:18  Refinery  
  15  1:26  SCV  
  17  1:44  Orbital Command  
  17  1:45  Reaper  
  17  2:05  Factory  
  17  2:11  SCV  
  18  2:21  Reaper  
  18  2:22  Supply Depot  
  19  2:24  SCV  
  20  2:36  SCV  
  21  2:48  Command Center, SCV  
  22  2:55  Factory Tech Lab  
  22  3:00  SCV  
  22  3:05  Barracks Reactor  
  23  3:12  SCV  
  23  3:15  Cyclone  
  23  3:19  Supply Depot  
  27  3:25  SCV  
  28  3:30  Starport  
  28  3:37  SCV  
  29  3:42  Marine x2  
  29  3:49  SCV  
  29  3:55  Factory Tech Lab  
  30  4:00  Marine x2, Orbital Command  
  30  4:01  SCV  
  33  4:09  Refinery  
  33  4:13  SCV  
  30  4:27  SCV  
  30  4:28  Cyclone  
  30  4:31  Raven  
  30  4:39  Marine  
  28  4:49  SCV x2  
  23  5:01  SCV x2  
  21  5:11  Raven  
  21  5:13  SCV x2  
  24  5:25  SCV x2  
  24  5:27  Siege Tank  
  29  5:37  SCV  
  30  5:43  SCV  
  30  5:48  Marine x2  
  30  5:49  SCV  
  34  5:51  Supply Depot  
  34  5:55  SCV  
  35  6:01  SCV  
  36  6:05  Raven  
  36  6:07  SCV  
  39  6:13  Marine x2, SCV  
  42  6:19  SCV  
  42  6:20  Interference Matrix  
  43  6:25  SCV  
  43  6:30  Siege Tank  
  43  6:31  Marine x2, SCV  
  48  6:43  SCV x2  
  48  6:46  Liberator  
  53  6:51  Marine x2  
  55  6:55  SCV  
  55  7:00  Supply Depot  
  56  7:02  SCV  
  56  7:07  SCV  
  58  7:16  SCV  
  58  7:20  SCV  
  55  7:29  SCV  
  57  7:31  Siege Tank  
  57  7:32  SCV  
  59  7:41  SCV  
  59  7:44  SCV  
  61  7:52  Viking  
  61  7:53  Viking, SCV  
  61  7:58  Supply Depot  
  66  7:59  SCV  
  66  8:05  SCV  
  53  8:24  SCV x2  
  53  8:26  Siege Tank  
  55  8:31  Viking x2  
  55  8:33  Stimpack  
  59  8:35  Supply Depot  
  59  8:36  SCV x2  
  61  8:48  SCV x2  
  63  9:00  Command Center, SCV x2  
  65  9:10  Cyclone  
  65  9:11  Viking x2  
  65  9:12  SCV  
  65  9:13  SCV  
  71  9:24  SCV  
  71  9:25  SCV  
  71  9:28  Barracks  
  71  9:29  Refinery  
  73  9:31  Barracks  
  73  9:37  SCV x2, Supply Depot  
  75  9:39  Supply Depot  
  75  9:41  Marauder  
  75  9:42  Siege Tank  
  79  9:49  SCV x2  
  61  10:07  Marine  
  61  10:13  Viking x2  
  62  10:14  Siege Tank  
  62  10:15  Command Center  
  65  10:25  Marine  
  68  10:29  Barracks Reactor x2  
  68  10:30  SCV x2, Combat Shield  
  68  10:35  Supply Depot  
  68  10:38  Supply Depot  
  68  10:41  Barracks  
  68  10:43  Marine  
  68  10:45  SCV x2  
  68  10:46  Siege Tank  
  68  10:48  Viking  
  78  10:55  Supply Depot  
  79  10:57  SCV x2  
  79  11:00  Marine  
  79  11:01  Liberator  
  79  11:02  Barracks  
  82  11:05  Marine x4  
  82  11:09  SCV  
  87  11:17  Liberator  
  90  11:18  Marine  
  90  11:20  Siege Tank  
  90  11:23  Marine x2  
  90  11:25  SCV x2  
  98  11:33  Barracks Tech Lab  
  98  11:37  SCV x2  
  100  11:42  Marine x5  
  100  11:44  Viking  
  107  11:49  Concussive Shells, SCV  
  108  12:00  Viking  
  100  12:07  Marine x6  
  86  12:13  SCV x2  
  86  12:15  Orbital Command  
  85  12:18  Barracks Tech Lab  
  85  12:19  Siege Tank  
  87  12:24  Marine x2  
  87  12:25  Marine x2, Liberator  
  94  12:30  Liberator  
  94  12:33  Refinery  
  94  12:34  Refinery  
  94  12:36  SCV x2  
  99  12:37  Barracks  
  99  12:38  Barracks  
  99  12:40  Barracks  
  99  12:41  Marauder x2  
  105  12:44  Marauder  
  105  12:49  SCV x2  
  107  12:52  Supply Depot  
  107  12:54  Supply Depot  
  107  12:57  Marine x4  
  111  12:59  Command Center  
  111  13:08  Liberator  
  103  13:17  Marauder x2  
  103  13:19  Marine  
  83  13:20  Marine x4  
  83  13:24  SCV  
  85  13:31  Marine x3  
  88  13:37  Marine  
  88  13:38  Marine x2  
  91  14:02  Marine x4  
  93  14:03  Marauder x3  
  93  14:08  Siege Tank  
  104  14:13  SCV x3  
  107  14:18  Barracks Tech Lab  
  107  14:19  Barracks Reactor x2  
  107  14:20  Barracks Tech Lab  
  106  14:24  Marauder  
  103  14:35  Marauder x2  
  107  14:45  Engineering Bay  
  107  14:46  Marauder x2  
  107  14:47  Engineering Bay, Marine x3  
  107  14:48  Marine x2  
  116  14:56  Marine, Marauder  
  119  15:06  Marauder  
  106  15:07  Marauder x2  
  84  15:14  Marauder  
  84  15:18  Marauder  
  84  15:19  Marine x6  
  82  15:27  Marauder  
  84  15:28  Marauder  
  84  15:29  Marauder  
  84  15:32  Viking x2  
  84  15:35  Marine  
  93  15:36  Planetary Fortress  
  93  15:37  Marine  
  93  15:40  Marine x2  
  93  15:42  Marine x2  
  98  16:02  Viking  
  91  16:12  Marauder x3  
  78  16:19  SCV x4  
  78  16:22  Medivac  
  84  16:31  SCV x4  
  88  16:35  Viking  
  90  16:43  SCV x4  
  89  16:55  SCV x2, Marine  
  89  16:56  Marine x3, Marauder  
  89  16:57  Marauder x3  
  68  17:15  Marauder  
  68  17:16  Marine x2  
  68  17:18  Marauder x3  
  71  17:28  Marauder  
  72  17:30  SCV  
  73  17:37  Marauder  
  73  17:39  SCV x2  
  73  17:40  SCV  
  73  17:41  Medivac  
  73  17:43  SCV  
  79  17:51  SCV, Medivac  
  82  17:58  SCV  
  82  17:59  SCV x2  
  82  18:02  Marauder  
  82  18:03  Marine x2  
  88  18:09  Marauder  
  88  18:10  Marauder  
  88  18:11  Medivac  
  91  18:25  Marauder x3, Marine  
  98  18:27  SCV x2  
  100  18:36  Marine, Marauder x2  
  100  18:40  Marine  
  106  18:42  SCV  
  106  18:43  SCV  
  106  18:46  Marauder  
  106  18:47  SCV  
  106  18:48  SCV  
  112  19:11  Marauder x4  
  112  19:12  Marine x3, Marauder  
  106  19:32  Marauder x3  
  107  19:45  SCV x3  
  101  19:50  Medivac x2  
  101  19:52  Terran Infantry Weapons Level 1  
  105  19:53  Terran Infantry Armor Level 1  
  105  19:58  Marine  
  105  19:59  Marine x2  
  108  20:05  Command Center  
  77  20:24  Marauder x2  
  77  20:25  Marauder x2  
  77  20:32  SCV x4  
  85  20:43  Viking x2  
  85  20:45  SCV x4  
  81  20:57  SCV x2  
  81  21:12  SCV x2  
  81  21:13  SCV  
  88  21:33  Marauder x2  
  88  21:34  SCV  
Show
View Real Time Build Order
Export as new Build Order

RipNHammer Terran - Winner!

Build Orders: Reaper Expand, Mech 

Get SALT Encoding   

  8  0:00  SCV  
  9  0:12  SCV  
  10  0:24  SCV  
  11  0:36  SCV  
  11  0:41  Supply Depot  
  12  0:49  SCV  
  13  1:02  SCV  
  14  1:04  Barracks  
  14  1:07  Refinery  
  14  1:15  SCV  
  14  1:17  Refinery  
  15  1:27  SCV  
  16  1:39  SCV  
  17  1:51  Reaper  
  17  1:53  Orbital Command  
  18  2:08  Factory  
  18  2:20  SCV  
  19  2:23  Supply Depot  
  19  2:25  Barracks Reactor  
  18  2:45  SCV  
  19  2:53  Command Center  
  19  2:59  Hellion  
  19  3:02  Reaper  
  22  3:06  Reaper  
  22  3:09  SCV  
  24  3:13  Supply Depot  
  24  3:21  Hellion  
  24  3:25  SCV  
  27  3:36  Reaper  
  27  3:37  SCV  
  27  3:40  Reaper  
  29  3:49  SCV  
  29  3:51  Starport  
  29  3:52  Hellion  
  32  4:01  SCV  
  33  4:07  Refinery  
  33  4:10  Orbital Command  
  32  4:30  SCV  
  32  4:31  Marine x2  
  35  4:42  SCV  
  35  4:43  SCV  
  35  4:45  Starport Tech Lab, Factory Tech Lab  
  37  4:54  SCV  
  36  5:11  SCV  
  36  5:12  SCV, Marine x2  
  36  5:13  Raven  
  44  5:23  Interference Matrix, SCV  
  44  5:24  SCV  
  44  5:25  Cyclone  
  46  5:30  Marine x2  
  46  5:35  Supply Depot  
  48  5:36  SCV x2  
  48  5:41  Refinery  
  50  5:56  Raven  
  52  6:00  Siege Tank  
  52  6:01  SCV  
  52  6:03  Supply Depot  
  56  6:04  SCV  
  57  6:15  Command Center  
  57  6:17  SCV  
  58  6:21  Supply Depot  
  58  6:34  SCV x2  
  60  6:44  Siege Tank  
  60  6:45  Raven  
  60  6:46  SCV x2  
  67  6:48  Factory  
  67  6:54  Supply Depot  
  67  6:58  SCV x2  
  69  7:09  Marine x2  
  69  7:10  SCV x2  
  66  7:19  Siege Tank  
  69  7:29  Orbital Command  
  69  7:38  Factory  
  70  7:52  Siege Tank  
  70  7:54  Siege Tank  
  75  8:00  SCV x2  
  58  8:26  SCV x2, Marine  
  54  8:28  Viking  
  54  8:29  Cyclone  
  54  8:31  SCV  
  60  8:35  Viking  
  60  8:38  SCV x2  
  64  8:43  SCV  
  64  8:44  Marine  
  64  8:45  Siege Tank  
  64  8:46  Factory Tech Lab  
  64  8:47  Mag-Field Accelerator  
  69  8:50  SCV x2  
  69  8:52  Supply Depot  
  69  8:55  SCV  
  65  9:08  SCV x2  
  58  9:12  SCV  
  58  9:14  Cyclone  
  62  9:17  Cyclone  
  62  9:20  Viking, SCV  
  68  9:26  SCV x2  
  70  9:32  SCV  
  71  9:38  SCV  
  71  9:39  SCV  
  71  9:44  SCV  
  74  9:46  Cyclone  
  74  9:50  SCV  
  55  10:07  SCV x3  
  55  10:08  Cyclone x2  
  63  10:17  Viking  
  63  10:18  Viking  
  63  10:19  Siege Tank  
  67  10:25  Orbital Command  
  67  10:34  SCV  
  68  10:36  Infernal Pre-Igniter  
  68  10:37  SCV  
  68  10:38  Factory  
  68  10:42  Siege Tank  
  72  10:43  Cyclone  
  72  10:46  SCV  
  72  10:48  Armory  
  72  10:49  SCV  
  77  10:56  SCV  
  78  10:57  Refinery  
  78  10:58  Cyclone, SCV  
  78  10:59  Viking  
  78  11:00  Viking  
  78  11:01  SCV  
  87  11:08  SCV  
  87  11:10  Refinery  
  87  11:11  SCV  
  89  11:13  SCV  
  89  11:14  Starport  
  89  11:18  Siege Tank, Cyclone  
  96  11:20  SCV  
  96  11:23  SCV  
  96  11:25  Engineering Bay, SCV  
  99  11:30  Engineering Bay  
  99  11:32  SCV, Armory  
  100  11:35  Factory Reactor, SCV  
  100  11:37  SCV  
  102  11:44  SCV  
  103  11:49  Supply Depot x2  
  103  11:53  Viking x2, Cyclone, SCV  
  111  11:54  Supply Depot  
  111  11:58  Siege Tank  
  111  12:00  SCV  
  93  12:10  Cyclone, SCV x2  
  93  12:12  SCV  
  99  12:21  Starport Tech Lab  
  99  12:22  Factory  
  99  12:23  SCV x2  
  99  12:24  SCV, Command Center  
  102  12:35  SCV x2, Hellion  
  106  12:41  Refinery  
  106  12:42  SCV  
  106  12:44  Siege Tank  
  110  12:45  Refinery  
  110  12:47  SCV x2  
  110  12:50  Viking  
  116  12:51  Raven  
  116  12:58  Cyclone  
  117  13:12  Cyclone  
  118  13:13  Hellion x2, SCV  
  118  13:16  Siege Tank  
  106  13:25  Viking  
  96  13:28  Viking  
  96  13:29  Raven  
  96  13:30  Cyclone, SCV  
  96  13:31  Terran Vehicle Weapons Level 1  
  96  13:32  Terran Vehicle And Ship Armor Level 1  
  96  13:33  SCV x2  
  106  13:38  Planetary Fortress  
  106  13:40  Hellion  
  106  13:41  Hellion  
  110  13:43  SCV  
  110  13:47  Factory  
  106  13:58  Cyclone, Siege Tank  
  106  14:02  Hellion  
  107  14:08  SCV x2  
  109  14:12  Viking x2  
  109  14:13  Raven  
  109  14:14  Hellion  
  117  14:20  Cyclone  
  123  14:31  Cyclone  
  123  14:32  Hellion, SCV  
  126  14:38  Orbital Command  
  126  14:39  Factory Tech Lab  
  126  14:40  SCV x2  
  128  14:46  SCV  
  128  14:52  SCV x2  
  131  14:54  Cyclone, Siege Tank  
  131  14:55  Hellion  
  131  14:57  Refinery  
  131  14:58  SCV  
  131  14:59  Refinery  
  140  15:04  SCV  
  103  15:15  SCV x2  
  103  15:16  SCV x2  
  102  15:27  SCV  
  102  15:28  SCV x2  
  104  15:29  SCV  
  104  15:31  Terran Vehicle Weapons Level 2, Terran Vehicle And Ship Armor Level 2  
  104  15:32  Cyclone, Siege Tank  
  104  15:33  Hellion  
  114  15:39  SCV  
  114  15:40  SCV  
  116  15:44  Raven  
  116  15:45  Viking x2  
  116  15:47  Hellion x2  
  122  16:15  Cyclone, Siege Tank  
  122  16:16  Cyclone, Siege Tank, Hellion  
  110  16:22  Hellion  
  112  16:28  Missile Turret x2  
  112  16:38  Hellion  
  114  16:43  Hellion  
  110  16:47  Cyclone x2  
  110  16:48  Siege Tank, Cyclone  
  107  16:59  Hellion  
  86  17:18  Hellion  
  86  17:19  Cyclone x2  
  86  17:20  Cyclone x2  
  95  17:25  Orbital Command  
  95  17:27  Hellion  
  91  17:33  Orbital Command  
  91  17:39  Hellion  
  93  17:49  Hellion  
  97  17:51  Hellion x2  
  97  17:52  Cyclone  
  97  17:53  Hellion, SCV x2  
  97  17:54  SCV  
  107  18:00  SCV  
  107  18:05  SCV x2  
  109  18:08  SCV  
  109  18:12  Cyclone  
  114  18:18  Cyclone, Siege Tank  
  116  18:23  Hellion  
  116  18:25  SCV  
  117  18:30  Refinery, SCV  
  117  18:31  SCV  
  117  18:32  SCV  
  120  18:37  SCV  
  121  18:46  SCV x3  
  124  18:49  SCV  
  124  18:54  Siege Tank  
  124  18:55  Cyclone, Hellion x2, Siege Tank  
  138  19:00  Cyclone  
  141  19:09  Missile Turret, SCV  
  142  19:12  Sensor Tower  
  142  19:16  Hellion x2  
  142  19:26  Cyclone  
  142  19:27  Hellion  
  142  19:31  Cyclone  
  136  19:32  Siege Tank  
  136  19:37  Hellion  
  141  19:45  Hellion  
  134  19:46  SCV x2  
  134  19:48  Cyclone  
  134  19:50  Factory Tech Lab  
  139  19:58  Siege Tank  
  142  20:01  SCV  
  143  20:13  Liberator  
  146  20:18  Banshee  
  135  20:31  Liberator, Orbital Command  
  138  20:41  Hellion x2  
  140  21:03  Liberator  
  143  21:18  SCV x2  
  145  21:20  Cyclone  
  145  21:21  Missile Turret  
  145  21:22  Missile Turret  
  145  21:24  Refinery  
  145  21:25  Refinery, SCV, Siege Tank, Cyclone, Supply Depot  
  155  21:33  Supply Depot  
  155  21:39  Siege Tank, Cyclone  
  163  21:40  Hellion x2  
  165  21:52  Hellion  
Tags
 
Composition
Mech
Matchup
TvT
Race
Terran
Replay Pack
RipNHammer
Spawn Locations
Cross Positions
Add a new tag
Caveats
  • Supply blocks, unpowered buildings, or Contaminate may cause inaccurate times.
  • Supply counts are checked every 10 seconds.